AoeStats
← cerast

Marketplace

504208759Analyzed
1v1 RM · 28d ago on Sep 4, 2026· 41m 24s· 2 players
Game mode
Random Map
Map size
Tiny (2 player)
Population
200
Speed
Normal
Resources
Standard
Victory
Conquest
Starting age
Dark Age
Ending age
Imperial Age
RankedLock teamsTeams togetherTeam positionsShared explorationLock speedFull tech treeHidden civsTurbo modeCheats
Victory
Defeat
🇨🇳 Goths · China
1186
+17
🇺🇸 Vietnamese · United States
1218
-17
cerast
6:45 Loom
9:39 Feudal Age
14:42 Castle Age
12:31 Double-Bit Axe
13:08 Scale Mail Armor
15:45 Chain Mail Armor
20:39 Squires
25:43 Bow Saw
29:26 Wheelbarrow
29:52 Sanctity
29:54 Horse Collar
34:39 Hand Cart
34:09 Town Watch
34:24 Gold Mining
38:36 Imperial Age
36:25 Forging
36:06 Fletching
35:56 Pikeman
37:53 Iron Casting
38:11 Masonry
38:02 Bodkin Arrow
38:28 Heavy Plow
40:26 Blast Furnace
38:49 Halberdier
39:52 Conscription
40:21 Perfusion
40:35 Anarchy
Echo
8:44 Loom
11:11 Feudal Age
13:43 Double-Bit Axe
14:31 Fletching
21:18 Castle Age
29:28 Gold Mining
32:19 Wheelbarrow
33:43 Hand Cart
34:16 Stone Mining
34:46 Horse Collar
35:19 Bow Saw
35:50 Stone Shaft Mining
36:55 Heavy Plow
42:10 Imperial Age
41:06 Bloodlines
Connection lost

Rejoining the realm…

Still unreachable

The connection could not be restored.

Session expired

The server has moved on; the page needs a fresh start.